 Dungeon Crawl Stone Soup version 0.20-a0-59-g66a9409 (webtiles) character file.

688 KristoblXynda the Sneak (level 7, 0/55 HPs)
             Began as a Naga Wizard on Nov 15, 2016.
             Slain by an elf zombie (2 damage)
             ... in an ossuary on Nov 16, 2016.
             The game lasted 00:11:57 (6457 turns).

KristoblXynda the Sneak (Naga Wizard)               Turns: 6457, Time: 00:11:58

Health: 0/55       AC:  3    Str:  9    XL:     7   Next: 62%
Magic:  4/14       EV: 10    Int: 21    God:
Gold:   165        SH:  0    Dex: 11    Spells: 3 memorised, 10 levels left

rFire  . . .     SeeInvis +     p - +0 dagger
rCold  . . .     Gourm    .     a - +0 robe
rNeg   . . .     Faith    .     (no shield)
rPois  +         Spirit   .     b - +0 hat
rElec  .         Reflect  .     (no cloak)
rCorr  .         Harm     .     (no gloves)
MR     .....                    (no barding)
Stlth  +++.......               (no amulet)
                                (no ring)
                                (no ring)

@: very slightly contaminated, very slow
A: see invisible, agile 1, deformed body, poison resistance, slowness 2, slow
metabolism 1, spit poison 2, sturdy frame 1, AC +2
a: Breathe Poison Gas


You were in an ossuary.
You were not hungry.

You visited 1 branch of the dungeon, and saw 5 of its levels.
You also visited: Ossuary.

You collected 165 gold pieces.

Inventory:

Hand Weapons
 p - a +0 dagger (weapon)
Missiles
 o - 2 throwing nets (quivered)
Armour
 a - a +0 robe (worn)
 b - a +0 hat (worn)
Wands
 n - a wand of lightning (7/15)
Scrolls
 j - 2 scrolls of remove curse
 k - 2 scrolls of teleportation
 r - a scroll of identify
Potions
 g - a potion of flight
Books
 c - a book of Minor Magic

   Spells                             Type                      Level
   a - Magic Dart                     Conjuration                  1
   b - Blink                          Translocation                2
   c - Call Imp                       Summoning                    2
   d - Repel Missiles                 Charms/Air                   2
   e - Slow                           Hexes                        2
   f - Conjure Flame                  Conjuration/Fire             3
   g - Mephitic Cloud                 Conjuration/Poison/Air       3
 s - a book of Dreams

   Spells                             Type                      Level
   a - Ensorcelled Hibernation        Hexes/Ice                    2
   b - Silence                        Hexes/Air                    5
   c - Darkness                       Hexes                        6
   d - Shadow Creatures               Summoning                    6
Comestibles
 d - 4 bread rations
 h - a beef jerky
 l - 5 meat rations


   Skills:
 - Level 1.5 Dodging
 - Level 5.4 Stealth
 + Level 5.2 Spellcasting
 - Level 3.0 Conjurations
   Level 1.0 Summonings
 - Level 1.0 Translocations
 + Level 3.0 Air Magic
 + Level 4.6 Poison Magic


You had 10 spell levels left.
You knew the following spells:

 Your Spells              Type           Power        Failure   Level  Hunger
a - Magic Dart            Conj           ###.         3%          1    None
b - Blink                 Tloc           N/A          12%         2    None
c - Mephitic Cloud        Conj/Pois/Air  ###.....     10%         3    ##.....


Dungeon Overview and Level Annotations

Branches:
Dungeon (5/15)
 Temple: D:4-7

Altars:
Ashenzari
Ru

Shops:
D:4 :


Innate Abilities, Weirdness & Mutations

You cannot wear boots.
Your serpentine skin is tough. (AC +2)
You have supernaturally acute eyesight. (SInv)
Armour fits poorly on your strangely shaped body.
Your system is resistant to poisons. (rPois)
You cover ground very slowly.
You have a slow metabolism.
You can exhale a cloud of poison.
You are agile. (Dex +2)
Your movements are slightly less encumbered by armour. (ER -2)


Message History

You feel less encumbered by your armour.
The elf zombie hits you!
* * * LOW HITPOINT WARNING * * *
The big kobold zombie closely misses you.
As you read the scroll labeled RUMUTO JEXTAS, it crumbles to dust.
Your +0 dagger glows faint viridian for a moment.
It was a scroll of random uselessness.
The elf zombie hits you.
* * * LOW HITPOINT WARNING * * *
Unknown command.
Okay, then.
The big kobold zombie hits you but does no damage. x2
Casting: Magic Dart
Confirm with . or Enter, or press ? or * to list all spells.
Aiming: Magic Dart
Press: ? - help, Shift-Dir - straight line, f/p - elf zombie
Aim: an elf zombie (severely damaged)
The magic dart hits the elf zombie.
The elf zombie is severely damaged.
The elf zombie hits you.
You die...

##### #.........
##...## #.........
##.....###.........
#..................
#..∩.∩.............
#..................
##.....###.........
##...## #ZZ.......
##### #@.Z......
#.#.#.#.#Z
#########


You could see a goblin zombie, a big kobold zombie and an elf zombie.

Vanquished Creatures
  Purgy (D:3)
  An ogre (D:4)
  A phantom (D:4)
  A scorpion (D:4)
  A howler monkey (D:4)
  A human zombie (Ossuary)
  2 bullfrog skeletons
  3 worker ants (D:4)
  A mummy (Ossuary)
  4 gnolls (D:4)
  6 adders
  An ooze (D:2)
  3 worms
  2 dart slugs (D:1)
  6 orcs
  A ball python (D:2)
  2 giant cockroaches (D:3)
  A gnoll zombie (Ossuary)
  5 goblins
  10 hobgoblins
  3 jackals (D:4)
  6 kobolds
  A quokka (D:2)
  8 bats
  3 frilled lizards
  A goblin zombie (D:5)
  3 orc zombies (Ossuary)
  A quokka zombie (D:5)
  4 rats
83 creatures vanquished.

Notes
Turn   | Place    | Note
-------+----------+-------------------------------------------
     0 | D:1      | KristoblXynda the Naga Wizard began the quest for the Orb.
     0 | D:1      | Reached XP level 1. HP: 15/15 MP: 4/4
   465 | D:1      | Upgraded the game from 0.20-a0-51-g027d3fc to 0.20-a0-59-g66a9409
   478 | D:1      | Reached XP level 2. HP: 22/22 MP: 3/6
   627 | D:1      | Found a shattered altar of Ashenzari.
  1436 | D:2      | Reached XP level 3. HP: 28/28 MP: 0/7
  2395 | D:2      | Reached XP level 4. HP: 36/36 MP: 4/9
  2538 | D:2      | Learned a level 2 spell: Blink
  2542 | D:2      | Learned a level 3 spell: Mephitic Cloud
  2894 | D:3      | Noticed Purgy
  2911 | D:3      | Killed Purgy
  2911 | D:3      | Reached skill level 5 in Stealth
  2911 | D:3      | Reached XP level 5. HP: 33/42 MP: 0/11
  4026 | D:4      | Reached skill level 1 in Poison Magic
  4046 | D:4      | Reached XP level 6. HP: 7/49 MP: 0/12
  4436 | D:4      | Reached skill level 1 in Air Magic
  4563 | D:4      | Found Iqukie's Book Boutique.
  5064 | D:4      | Found a sacrificial altar of Ru.
  5079 | D:4      | Reached XP level 7. HP: 32/55 MP: 3/14
  5663 | D:4      | Reached skill level 5 in Spellcasting
  5835 | D:5      | Entered Level 5 of the Dungeon
  6178 | D:5      | Found a sand-covered staircase.
  6198 | Ossuary  | Entered an ossuary
  6450 | Ossuary  | Gained mutation: You are agile. (Dex +2) [potion of mutation]
  6450 | Ossuary  | Gained mutation: You can exhale a cloud of poison. [potion of mutation]
  6450 | Ossuary  | Gained mutation: Your movements are slightly less encumbered by armour. (ER -2) [potion of mutation]
  6451 | Ossuary  | HP: 1/55 [elf zombie (4)]
  6457 | Ossuary  | Slain by an elf zombie

Vault maps used:
D:1:      dpeg_arrival_circle_labyrinth_c, minmay_misc_feat_four_crosses,
          nicolae_ashenzari_panopticon
D:2:      first_bread
D:3:      uniq_purgy
D:4:      serial_shops, shop, nicolae_ru_sacrificial_ziggurat
D:5:      enter_ossuary_4
Ossuary:  minmay_ossuary_gauntlet

Skill      XL: |  1  2  3  4  5  6  7 |
---------------+----------------------+-----
Stealth        | 4 5 |  5.4
Conjurations   | 2 3 |  3.0
Spellcasting   | 4 5 |  5.2
Poison Magic   | 1 3 4 |  4.6
Air Magic      | 2 3 |  3.0
Dodging        | |  1.5
Summonings     | |  1.0
Translocations | |  1.0

Action                   |  1- 3 |  4- 6 |  7- 9 || total
-------------------------+-------+-------+-------++-------
Melee: Unarmed           |    18 |       |       ||    18
       Dagger            |       |    72 |    59 ||   131
Throw: Throwing net      |       |     1 |       ||     1
 Cast: Magic Dart        |    77 |    89 |   114 ||   280
       Mephitic Cloud    |       |     4 |       ||     4
 Abil: Spit Poison       |    10 |    14 |       ||    24
Evoke: Wand              |       |       |     1 ||     1
  Use: Scroll            |       |    11 |     1 ||    12
       Potion            |       |     3 |     9 ||    12
 Stab: Sleeping          |     2 |       |     3 ||     5
       Invisible         |       |       |     1 ||     1
  Eat: Chunk             |     3 |     7 |     1 ||    11
       Pizza             |       |     1 |       ||     1
       Beef jerky        |       |       |     2 ||     2
Armor: Robe              |    16 |    14 |    27 ||    57
Dodge: Dodged            |    25 |    68 |    43 ||   136
